 Seeded DCSS version 0.30-a0-728-gc68057be0a (webtiles) character file.

Game seed: 13378002285222283535 (custom seed)

60 hikkokomori the Shield-Bearer (level 3, -2/31 HPs)
             Began as a Demigod Fighter on Jan 30, 2023.
             Slain by a gnoll
             ... wielding a +0 flail
              (5 damage)
             ... on level 2 of the Dungeon.
             The game lasted 00:01:42 (1701 turns).

hikkokomori the Shield-Bearer (Demigod Fighter)     Turns: 1701, Time: 00:01:43

Health: -2/31      AC:  7    Str: 17    XL:     3   Next: 55%
Magic:  5/5        EV:  9    Int: 10    God:
Gold:   80         SH:  5    Dex: 17    Spells: 2/2 levels left

rFire   . . .      SeeInvis .    a - +1 long sword
rCold   . . .      Faith    .    c - +0 buckler
rNeg    . . .      Spirit   .    b - +1 scale mail
rPois   .          Reflect  .    (no helmet)
rElec   .          Harm     .    (no cloak)
rCorr   .          Rampage  .    (no gloves)
Will    .....                    (no boots) Stlth
                                 (no amulet)
HPRegen 0.25/turn                (no ring)
MPRegen 0.09/turn                (no ring)

@: no status effects
A: high MP 1, forlorn, divine attributes
a: no special abilities


You were on level 2 of the Dungeon.
You visited 1 branch of the dungeon, and saw 2 of its levels.

You collected 80 gold pieces.

Inventory:

Hand Weapons
 a - a +1 long sword (weapon)
Armour
 b - a +1 scale mail (worn)
 c - a +0 buckler (worn)
Jewellery
 j - a ring of magical power
Scrolls
 e - a scroll of identify {unknown}
 f - a scroll of enchant weapon
 g - a scroll of torment {unknown}
 h - a scroll of fear {unknown}
 i - a scroll of fog {unknown}
 k - 2 scrolls of enchant armour
 l - a scroll of acquirement {unknown}
 m - a scroll of immolation {unknown}
Potions
 d - 2 potions of might
 n - a potion of flight {unknown}
 o - a potion of degeneration {unknown}


   Skills:
 + Level 3.3 Fighting
 + Level 2.5 Long Blades
 - Level 2.6 Armour
 + Level 3.3 Shields


You had 2 spell levels left.
You didn't know any spells.
Your spell library contained the following spells:

 Spells                   Type           Power      Damage    Failure   Level
 Inner Flame              Hex/Fire       0%         N/A       99%         3
 Flame Wave               Conj/Fire      0%         2d4       100%        4
 Sticky Flame             Conj/Fire      0%         2d3       100%        4


Dungeon Overview and Level Annotations

Branches:
Dungeon (2/15)


Innate Abilities, Weirdness & Mutations

You have an increased reservoir of magic. (+10% MP)
You shall have no god before yourself.
Your divine heritage dramatically boosts your attributes as you level up.


Message History

You are too injured to fight recklessly!
You are too injured to fight recklessly!
You are too injured to fight recklessly!
You are too injured to fight recklessly!
You are too injured to fight recklessly!
You are too injured to fight recklessly!
You are too injured to fight recklessly!
You hit the gnoll but do no damage.
The gnoll is severely wounded.
You block the gnoll's attack.
You hit the gnoll but do no damage.
The gnoll is severely wounded.
The gnoll barely misses you.
The gnoll drinks a potion.
The gnoll seems to speed up.
You slash the gnoll!
You kill the gnoll!
The gnoll throws a throwing net.
The throwing net hits you.
You become entangled in the net!
You tear a large gash into the net.
The gnoll hits you with a +0 flail.
* * * LOW HITPOINT WARNING * * *
Unknown command.
You struggle against the net.
The gnoll hits you with a +0 flail.
* * * LOW HITPOINT WARNING * * *
You rip the net and break free!
You block the gnoll's attack.
As you read the scroll labelled XOTTIT PALE, it crumbles to dust.
It is a scroll of enchant armour.
Your +0 scale mail glows green for a moment.
The gnoll barely misses you.
You have nothing you can fire or use right now.
You aren't carrying any items that you can evoke.
Unknown command.
As you read the scroll labelled SAPEEZX FUESK, it crumbles to dust.
It is a scroll of enchant weapon.
Your +0 long sword glows red for a moment.
The gnoll hits you with a +0 flail.
* * * LOW HITPOINT WARNING * * *
The gnoll attacks as you move away! You block the gnoll's attack.
The gnoll attacks as you move away! The gnoll barely misses you.
The gnoll attacks as you move away! The gnoll hits you with a +0 flail.
You die...

....########.##..(......#.#.#.###
...................####...#.#.#
....####.##..####.##..##..#.#.###
....#........# #......#..#.#....
....#.......#####..##..#..#......
....#.......# #...##..##......#..
....#######.###.#.#..##.......###
....# #.##....#.......#......
##### #.##.#@g##..##..#......
##########.##.#.g.####...#......
#..........##.#....).....#......
#.###########.#######<##.#......
#.#...........##.........#.#.###
#.....##########.####...##.#.#
####..# #.# ###.##.#.# #..# #.#
#..#.#.### #..# #.#######.#......


You could see 2 gnolls.

Vanquished Creatures
  A gnoll (D:2)
  2 adders (D:2)
  3 dart slugs
  3 ball pythons (D:2)
  An endoplasm (D:2)
  A giant cockroach (D:2)
  3 goblins
  2 hobgoblins (D:1)
  3 jackals (D:1)
  3 bats
  4 frilled lizards (D:2)
  A kobold (D:1)
  A rat (D:1)
28 creatures vanquished.

Notes
Turn   | Place    | Note
-------+----------+-------------------------------------------
     0 | D:1      | hikkokomori the Demigod Fighter began the quest for the
                  | Orb.
     0 | D:1      | Reached XP level 1. HP: 18/18 MP: 3/3
   266 | D:1      | Reached XP level 2. HP: 21/25 MP: 4/4
   887 | D:2      | Reached XP level 3. HP: 30/31 MP: 5/5
  1701 | D:2      | Slain by a gnoll

Illustrated notes

Levels and vault maps discovered:
D:1:      dpeg_arrival_connections, layout_basic
D:2:      layout_basic, chequers_jeans, minmay_close_crescents

Skill      XL: |  1  2 |
---------------+-------+-----
Long Blades    | 2 |  2.5
Fighting       | 3 |  3.3
Shields        | 3 |  3.3
Armour         | |  2.6

Action                     || total
---------------------------++-------
  Melee: Long sword        ||   109
    Use: Scroll            ||     2
 Armour: Scale mail        ||    54
  Dodge: Dodged            ||    50
  Block: Buckler           ||    23

Table legend: (Time is in decaauts)
 A = Elapsed time spent in this place.
 B = Non-inter-level travel time spent in this place.
 C = Inter-level travel time spent in this place.
 D = Time resting spent in this place.
 E = Time spent auto-exploring this place.
 F = Levels seen in this place.
 G = Mean time per level.
                   A        B        C        D        E       F      G
               +--------+--------+--------+--------+--------+-----+--------+
         Total |   1736 |   1658 |     78 |      2 |   1354 |   2 |  868.0 |
       Dungeon |   1736 |   1658 |     78 |      2 |   1354 |   2 |  868.0 |
               +--------+--------+--------+--------+--------+-----+--------+

Top non-repeatable levels by time:
     D:2: 1052 daAuts
     D:1: 683 daAuts
